 Dungeon Crawl Stone Soup version 0.20-a0-671-g993d97e (webtiles) character file.

16726 Laraso the Severer (level 12, 0/135 HPs)
             Began as a Minotaur Fighter on Jan 10, 2017.
             Was a Priest of Ieoh Jian.
             Killed from afar by an electric eel (8 damage)
             ... with a bolt of electricity
             ... on level 3 of the Lair of Beasts.
             The game lasted 00:23:32 (11941 turns).

Laraso the Severer (Minotaur Fighter)              Turns: 11941, Time: 00:23:33

Health: 0/135      AC: 26    Str: 25    XL:     12   Next: 12%
Magic:  11/11      EV:  2    Int:  5    God:    Ieoh Jian [***...]
Gold:   792        SH: 10    Dex: 14    Spells: 11/11 levels left

rFire  . . .     SeeInvis .     a - +7 Screaming Sword
rCold  . . .     Gourm    .     (armour currently unavailable)
rNeg   + + +     Faith    .     c - +0 shield
rPois  +         Spirit   .     (helmet currently unavailable)
rElec  .         Reflect  .     (cloak currently unavailable)
rCorr  .         Harm     .     (gloves currently unavailable)
MR     +....     NoTele   +     (boots currently unavailable)
Stlth  +.........               E - amulet of rage
                                i - ring of protection from magic
                                D - +3 ring of strength

@: tree-form
A: (retaliatory headbutt), (horns 0)
a: Renounce Religion, Evoke Berserk Rage


You were on level 3 of the Lair of Beasts.
You worshipped Ieoh Jian.
Ieoh Jian was most pleased with you.
You were not hungry.
You were a tree.
You visited 3 branches of the dungeon, and saw 14 of its levels.

You collected 792 gold pieces.

Inventory:

Hand Weapons
 a - the +7 Screaming Sword (weapon)
   (You found it on level 5 of the Dungeon)
 b - a +1 dagger of venom
 z - a +0 war axe
 A - a +0 morningstar
Armour
 c - a +0 shield (worn)
 l - a +1 plate armour (melded)
 q - a +0 pair of boots (melded)
 y - a +0 pair of gloves (melded)
 I - a +0 cloak (melded)
Jewellery
 i - a ring of protection from magic (right branch)
 m - a +6 amulet of reflection
 B - an uncursed ring of positive energy
 C - an uncursed ring of protection from fire
 D - a +3 ring of strength (left branch)
 E - an amulet of rage (around neck)
 J - an uncursed ring of protection from cold
Wands
 r - a wand of flame (24/48)
 v - a wand of acid (12/15)
 x - a wand of paralysis (8/24)
 F - a wand of iceblast (5/15)
 K - a wand of random effects (34/48)
 M - a wand of enslavement (11/24)
Scrolls
 g - 5 scrolls of teleportation
 j - 8 scrolls of remove curse
 u - a scroll of enchant weapon
 w - 2 scrolls of recharging
 G - 2 scrolls of magic mapping
Potions
 e - a potion of haste
 k - a potion of lignification
 p - 2 potions of curing
 t - 2 potions of agility
 H - 3 potions of cure mutation
Comestibles
 d - 3 slices of pizza
 f - 8 bread rations
 h - a royal jelly
 n - 18 beef jerkies
 o - 5 meat rations
 L - 4 fruits
 N - a chunk of flesh


   Skills:
 - Level 3.6 Fighting
 - Level 20.0 Axes
 * Level 9.7 Armour
 - Level 3.6 Shields


You had 11 spell levels left.
You didn't know any spells.

Dungeon Overview and Level Annotations

Branches:
Dungeon (10/15)            Temple (1/1) D:5            Lair (3/6) D:10
 Shoals (0/4) Lair:3
  Snake: Lair:2-4    Spider: Lair:2-4       Orc: D:9-12

Altars:
Ashenzari
Cheibriados
Dithmenos
Elyvilon
Fedhas
Gozag
Hepliaklqana Ieoh Jian
Kikubaaqudgha
Makhleb
Nemelex Xobeh
Okawaru
Qazlal
Ru
Sif Muna
Trog
Uskayaw
Vehumet
Xom
Yredelemnul
Zin
The Shining One
Lugonu

Shops:
D:7 *


Innate Abilities, Weirdness & Mutations

((You reflexively headbutt those who attack you in melee.))
((You have a pair of horns on your head.))


Message History

* * * LOW HITPOINT WARNING * * *
The electric eel shoots out a bolt of lightning at you!
The bolt of electricity hits you!
* * * LOW HITPOINT WARNING * * *
Unknown command.
You take 22 damage, and have 11/90 hp.
MASSIVE DAMAGE!!
Okay, then.
You turn into a tree.
Your +0 cloak melds into your body.
Your +0 pair of gloves melds into your body.
Your +0 pair of boots melds into your body.
Your +1 plate armour melds into your body.
Your roots penetrate the ground.
The electric eel shoots out a bolt of lightning at you!
The bolt of electricity hits you!
* * * LOW HITPOINT WARNING * * *
You now have 6/135 hp.
You feel better.
The electric eel shoots out a bolt of lightning at you!
The bolt of electricity hits you!
You regained 11 hp, and now have 17/135 hp.
You feel better.
The electric eel shoots out a bolt of lightning at you!
The bolt of electricity hits the electric eel.
The electric eel completely resists.
The bolt of electricity hits you!
* * * LOW HITPOINT WARNING * * *
You take 2 damage, and have 15/135 hp.
You are confused.
You feel invigorated.
The Screaming Sword makes a horrifying noise.
The electric eel shoots out a bolt of lightning at you!
The bolt of electricity hits you!
* * * LOW HITPOINT WARNING * * *
The electric eel shoots out a bolt of lightning at you!
The bolt of electricity hits the electric eel.
The electric eel completely resists.
The bolt of electricity hits you!
* * * LOW HITPOINT WARNING * * *
You take 3 damage, and have 12/135 hp.
The electric eel shoots out a bolt of lightning at you!
Helpless, you fail to dodge the bolt of electricity.
* * * LOW HITPOINT WARNING * * *
Unknown command.
You regained 3 hp, and now have 15/135 hp.
Unknown command.
The electric eel shoots out a bolt of lightning at you!
The bolt of electricity hits you!
* * * LOW HITPOINT WARNING * * *
The electric eel shoots out a bolt of lightning at you!
The bolt of electricity hits you!
* * * LOW HITPOINT WARNING * * *
Unknown command.
You take 9 damage, and have 6/135 hp.
You feel less invigorated.
You feel less confused.
The electric eel shoots out a bolt of lightning at you!
The bolt of electricity hits you!
* * * LOW HITPOINT WARNING * * *
The electric eel shoots out a bolt of lightning at you!
The bolt of electricity hits you!
You die...

≈#≈≈≈####
#...............
##≈≈≈#..#
##..............[
.#≈≈≈#.##
#####............÷.#.
.#####..#
##P...................
.......##
##....................#
##.P.###
#......#.###.#..####..#
#.#### #......###
###### #### ###
##.....♣# ♣...P♣P♣
♣≈≈P;;♣# ♣♣≈≈≈♣♣ #≈≈≈≈
##≈≈♣ ###


You could see 2 electric eels.

Vanquished Creatures
  2 hydras
  Sonja (Lair:3)
  2 two-headed ogres
  4 spiny frogs
  2 black mambas
  A rime drake (Lair:2)
  A komodo dragon (Lair:2)
  A merfolk (Lair:3)
  7 blink frogs
  Grinder (D:5)
  4 hippogriffs
  10 yaks
  A wraith (D:9)
  4 wyverns
  A hungry ghost (D:9)
  A basilisk (Lair:3)
  7 water moccasins
  2 orc warriors
  7 porcupines
  3 sky beasts
  A black bear (D:9)
  An ice beast (D:7)
  A phantom (D:4)
  An eye of draining (D:8)
  2 necrophages
  3 ogres
  3 wolves (Lair:1)
  9 crocodiles
  8 bullfrogs
  7 scorpions
  3 electric eels (Lair:3)
  4 crimson imps
  A bullfrog zombie (D:5)
  2 quasits
  4 jellies
  2 bullfrog skeletons
  A centaur skeleton (D:8)
  5 orc priests
  6 orc wizards
  3 iguanas
  6 worker ants
  A killer bee zombie (D:9)
  A hound skeleton (D:6)
  A hound zombie (D:7)
  11 adders
  6 gnolls
  4 shadow imps
  4 oozes
  An adder skeleton (D:9)
  An adder zombie (D:9)
  A worm (D:9)
  2 dart slugs
  8 leopard geckos
  28 orcs
  3 ball pythons
  5 bats
  6 giant cockroaches
  6 goblins
  10 hobgoblins
  13 jackals
  5 kobolds
  4 quokkas
  3 frilled lizards (D:3)
  2 jackal skeletons
  A quokka skeleton (D:8)
  10 rats
  8 fungi
  2 plants
282 creatures vanquished.

Vanquished Creatures (collateral kills)
  A blink frog (Lair:3)
1 creature vanquished.

Vanquished Creatures (others)
  A wizard (D:4)
  A hippogriff (Lair:3)
  A centaur (D:6)
  A goblin (D:6)
  14 fungi
  3 plants (Lair:3)
21 creatures vanquished.

Grand Total: 304 creatures vanquished

Notes
Turn   | Place    | Note
-------+----------+-------------------------------------------
     0 | D:1      | Laraso the Minotaur Fighter began the quest for the Orb.
     0 | D:1      | Reached XP level 1. HP: 19/19 MP: 0/0
   147 | D:1      | Reached skill level 3 in Axes
   202 | D:1      | Found a shattered altar of Ashenzari.
   379 | D:1      | Reached XP level 2. HP: 26/26 MP: 1/1
   664 | D:2      | Reached skill level 4 in Axes
   835 | D:2      | HP: 10/26 [adder (3)]
   837 | D:2      | Reached XP level 3. HP: 16/31 MP: 2/2
   840 | D:2      | HP: 14/46 [poisoned by an adder]
   845 | D:2      | HP: 6/31 [poisoned by an adder]
   851 | D:2      | HP: 4/31 [poisoned by an adder]
   856 | D:2      | HP: 3/31 [poisoned by an adder]
  1516 | D:3      | Found a white marble altar of Elyvilon.
  1521 | D:3      | Reached skill level 5 in Axes
  1620 | D:3      | Reached XP level 4. HP: 30/39 MP: 3/3
  1781 | D:3      | Found a sparkling altar of Nemelex Xobeh.
  1898 | D:3      | Reached skill level 6 in Axes
  2297 | D:4      | Reached XP level 5. HP: 40/45 MP: 4/4
  2317 | D:4      | Noticed an orc warrior
  2319 | D:4      | HP: 15/45 [orc priest/divine providence (14)]
  2322 | D:4      | HP: 5/45 [orc priest/divine providence (10)]
  2327 | D:3      | Killed an orc warrior
  2327 | D:3      | Reached skill level 7 in Axes
  2422 | D:3      | HP: 17/45 [crimson imp (1)]
  2427 | D:3      | Reached XP level 6. HP: 20/51 MP: 5/5
  2617 | D:3      | HP: 13/51 [orc priest/nerve-wracking pain (13)]
  2862 | D:3      | Reached skill level 8 in Axes
  3033 | D:4      | Found a hazy altar of Hepliaklqana.
  3073 | D:4      | Noticed a hand axe
  3073 | D:4      | Noticed a hand axe
  3085 | D:4      | Found a hide-covered altar of Uskayaw.
  3104 | D:4      | Found an opulent altar of Gozag.
  3104 | D:4      | Found a bloodstained altar of Trog.
  3142 | D:4      | Reached skill level 9 in Axes
  3473 | D:4      | Reached XP level 7. HP: 56/57 MP: 6/6
  3599 | D:4      | Found a bloodstained altar of Trog.
  3600 | D:4      | Noticed a wizard
  3606 | D:4      | Killed a wizard
  3650 | D:5      | Entered Level 5 of the Dungeon
  3692 | D:5      | Reached skill level 10 in Axes
  3939 | D:5      | Noticed Grinder
  3969 | D:5      | Killed Grinder
  3969 | D:5      | Reached skill level 11 in Axes
  3969 | D:5      | Reached XP level 8. HP: 64/64 MP: 7/7
  4197 | D:5      | Found a staircase to the Ecumenical Temple.
  4355 | D:5      | Reached skill level 12 in Axes
  4405 | Temple   | Entered the Ecumenical Temple
  4486 | D:6      | HP: 16/64 [cloud of flame (21)]
  4487 | D:6      | HP: 7/64 [cloud of flame (10)]
  4637 | D:5      | Noticed a hippogriff
  4645 | D:5      | Killed a hippogriff
  4810 | D:6      | Reached skill level 13 in Axes
  4963 | D:6      | Found an ancient bone altar of Kikubaaqudgha.
  5168 | D:6      | Reached XP level 9. HP: 39/70 MP: 8/8
  5372 | D:6      | Found a shadowy altar of Dithmenos.
  5374 | D:6      | Found a blossoming altar of Fedhas.
  5393 | D:6      | Found an ornate altar of the Ieoh Jian Council.
  5524 | D:6      | Found a shimmering altar of Xom.
  5541 | D:6      | Found an iron altar of Okawaru.
  5815 | D:6      | Found a sacrificial altar of Ru.
  5823 | D:6      | Became a worshipper of The Ieoh Jian Council
  5939 | D:7      | Reached skill level 14 in Axes
  5940 | D:7      | Found a shattered altar of Ashenzari.
  6145 | D:7      | Found Gozag's Platinum Reserve.
  6175 | D:7      | Found an opulent altar of Gozag.
  6455 | D:8      | Reached skill level 15 in Axes
  6947 | D:9      | Noticed a two-headed ogre
  6955 | D:9      | Killed a two-headed ogre
  6955 | D:9      | Reached * piety under Ieoh Jian
  6955 | D:9      | Reached skill level 16 in Axes
  6955 | D:9      | Reached XP level 10. HP: 75/77 MP: 9/9
  7245 | D:9      | Found a snail-covered altar of Cheibriados.
  7445 | D:10     | Entered Level 10 of the Dungeon
  7655 | D:10     | Found a staircase to the Lair.
  7770 | D:10     | Noticed a two-headed ogre
  7771 | D:10     | Killed a two-headed ogre
  7771 | D:10     | Reached skill level 17 in Axes
  8074 | Lair:1   | Entered Level 1 of the Lair of Beasts
  8102 | Lair:1   | Noticed a black mamba
  8106 | Lair:1   | Noticed a spiny frog
  8107 | Lair:1   | Killed a black mamba
  8119 | Lair:1   | Killed a spiny frog
  8119 | Lair:1   | Reached skill level 18 in Axes
  8309 | Lair:1   | Reached ** piety under Ieoh Jian
  8310 | Lair:1   | Reached XP level 11. HP: 80/82 MP: 10/10
  8841 | Lair:1   | You fall through a shaft!
  8856 | Lair:2   | Reached skill level 19 in Axes
  8994 | Lair:2   | Noticed a six-headed hydra
 10110 | Lair:2   | Killed a six-headed hydra
 10110 | Lair:2   | Reached skill level 20 in Axes
 10207 | Lair:3   | Reached skill level 4 in Armour
 10243 | Lair:3   | Noticed Sonja
 10247 | Lair:3   | Reached skill level 5 in Armour
 10560 | Lair:3   | Reached skill level 6 in Armour
 10575 | Lair:3   | Reached skill level 7 in Armour
 10598 | Lair:3   | Killed Sonja
 10612 | Lair:3   | Reached skill level 8 in Armour
 10695 | Lair:3   | Reached *** piety under Ieoh Jian
 10787 | Lair:3   | HP: 31/82 [spiny frog (8)]
 10793 | Lair:3   | HP: 27/82 [poisoned by a spiny frog]
 10798 | Lair:3   | HP: 24/82 [poisoned by a spiny frog]
 10803 | Lair:3   | HP: 23/82 [poisoned by a spiny frog]
 10804 | Lair:3   | Noticed a seven-headed hydra
 10809 | Lair:3   | HP: 23/82 [poisoned by a spiny frog]
 10816 | Lair:3   | HP: 22/82 [poisoned by a spiny frog]
 10829 | Lair:3   | Reached XP level 12. HP: 26/90 MP: 11/11
 10928 | Lair:3   | HP: 33/90 [merfolk/trident (13)]
 11058 | Lair:3   | Reached skill level 9 in Armour
 11430 | Lair:3   | HP: 33/90 [seven-headed hydra (10)]
 11432 | Lair:3   | HP: 15/90 [seven-headed hydra (8)]
 11433 | Lair:3   | Killed a seven-headed hydra
 11883 | Lair:3   | Found a staircase to the Shoals.
 11932 | Lair:3   | HP: 33/90 [electric eel/bolt of electricity (9)]
 11933 | Lair:3   | HP: 11/90 [electric eel/bolt of electricity (7)]
 11938 | Lair:3   | HP: 12/135 [electric eel/bolt of electricity (5)]
 11941 | Lair:3   | Killed from afar by an electric eel

Vault maps used:
D:1:      scummos_arrival_simple_crosswalls, solitary_fountain,
          nicolae_ashenzari_panopticon
D:3:      nemelex_xobeh_ov_fountains_minmay, elyvilon_altar_5
D:4:      lemuel_coloured_pillars_altar, dancing_weapons_uskayaw,
          gammafunk_temple_overflow_wave, trog_wizard
D:5:      old_forge, first_bread, uniq_grinder
D:6:      nicolae_overflow_crystal_walls, nicolae_overflow_hidden_temple,
          okawaru_altar_gauntlet_db
D:7:      marbit_many_paths, grunt_ogre_cave, nicolae_gozag_zags_fifth_avenue
D:9:      slow_altar_2, evilmike_butchery
D:10:     lair_entry_dummy
Temple:   corrupted_temple
Lair:1:   minmay_stone_trees_small, beast_lair_carwin_3
Lair:3:   elwin_shoals_entry_rooms, infiniplex_staircase_pool,
          serial_bayou_shore_b, serial_bayou_shore_a, serial_bayou_shore_b,
          uniq_sonja

Skill      XL: |  1  2  3  4  5  6  7  8  9 10 11 12 |
---------------+-------------------------------------+-----
Axes           | 3 4 5 6 7 9 11 13 16 18 20 | 20.0
Armour         | 8 9 |  9.7
Fighting       | |  3.6
Shields        | |  3.6

Action                   |  1- 3 |  4- 6 |  7- 9 | 10-12 || total
-------------------------+-------+-------+-------+-------++-------
Melee: War axe           |   103 |   122 |   235 |       ||   460
       Headbutt          |     8 |    16 |    59 |    39 ||   122
       Double sword      |       |       |    75 |   232 ||   307
       Morningstar       |       |       |       |    13 ||    13
Evoke: Wand              |       |       |     7 |     3 ||    10
  Use: Scroll            |     4 |     7 |     4 |     5 ||    20
       Potion            |     2 |     2 |     1 |     4 ||     9
 Stab: Paralysed         |       |       |     3 |     2 ||     5
  Eat: Chunk             |     2 |     6 |    12 |    15 ||    35
       Royal jelly       |       |       |       |     2 ||     2
Armor: Plate armour      |    64 |    47 |   119 |    93 ||   323
       Chain mail        |     4 |       |       |       ||     4
       Scale mail        |     2 |       |       |       ||     2
       Skin              |       |       |     9 |     1 ||    10
Dodge: Dodged            |    10 |    15 |    11 |    34 ||    70
Block: Shield            |    53 |    99 |   219 |    74 ||   445
       Reflection        |       |     7 |    11 |       ||    18
       Rpst.: Double sword |       |       |       |     7 ||     7

Table legend:
 A = Kills in this place as a percentage of kills in entire the game.
 B = Kills by you in this place as a percentage of kills by you in the entire game.
 C = Kills by friends in this place as a percentage of kills by friends in the entire game.
 D = Other kills in this place as a percentage of other kills in the entire game.
 E = Experience gained in this place as a percentage of experience gained in the entire game.
 F = Experience gained in this place divided by the number of levels of this place that you have seen.
                   A       B       C       D       E      F
               +-------+-------+-------+-------+-------+----------------------
         Total | 100.0 | 100.0 | 100.0 | 100.0 | 100.0 | 1706.8
       Dungeon |  75.0 |  75.4 |   0.0 |  66.7 |  34.0 | 813.5
          Lair |  25.0 |  24.6 | 100.0 |  33.3 |  66.0 | 5253.3
               +-------+-------+-------+-------+-------+----------------------

Table legend:
 A = Turns spent in this place as a percentage of turns spent in the entire game.
 B = Non-inter-level travel turns spent in this place as a percentage of non-inter-level travel turns spent in the entire game.
 C = Inter-level travel turns spent in this place as a percentage of turns spent in this place.
 D = Turns resting spent in this place as a percentage of non-inter-level travel turns spent in this place.
 E = Turns spent auto-exploring this place as a percentage of non-inter-level travel turns spent in this place.
 F = Non-inter-level travel turns spent in this place divided by the number of levels of this place that you've seen.
                   A       B       C       D       E      F
               +-------+-------+-------+-------+-------+----------------------
         Total | 100.0 | 100.0 |   0.8 |   3.9 |  10.4 | 256.4
       Dungeon |  71.2 |  71.1 |   0.9 |   3.2 |  11.7 | 255.2
        Temple |   0.4 |   0.3 |   7.7 |   0.0 |  75.0 |  12.0
          Lair |  28.4 |  28.6 |   0.4 |   5.6 |   6.6 | 341.7
               +-------+-------+-------+-------+-------+----------------------

Vault maps used:
D:1:      scummos_arrival_simple_crosswalls, solitary_fountain,
          nicolae_ashenzari_panopticon
D:3:      nemelex_xobeh_ov_fountains_minmay, elyvilon_altar_5
D:4:      lemuel_coloured_pillars_altar, dancing_weapons_uskayaw,
          gammafunk_temple_overflow_wave, trog_wizard
D:5:      old_forge, first_bread, uniq_grinder
D:6:      nicolae_overflow_crystal_walls, nicolae_overflow_hidden_temple,
          okawaru_altar_gauntlet_db
D:7:      marbit_many_paths, grunt_ogre_cave, nicolae_gozag_zags_fifth_avenue
D:9:      slow_altar_2, evilmike_butchery
D:10:     lair_entry_dummy
Temple:   corrupted_temple
Lair:1:   minmay_stone_trees_small, beast_lair_carwin_3
Lair:3:   elwin_shoals_entry_rooms, infiniplex_staircase_pool,
          serial_bayou_shore_b, serial_bayou_shore_a, serial_bayou_shore_b,
          uniq_sonja
